 Dungeon Crawl Stone Soup version 0.29-a0-830-gcb1280458a (webtiles) character file.

Game seed: 1793113617826743090

3661 jlumianski the Cleaver (level 9, -7/71 HPs)
             Began as a Demonspawn Fighter on July 11, 2022.
             Was a Believer of Qazlal.
             Mangled by an orc warlord
             ... wielding a +5 broad axe
              (16 damage)
             ... in a bailey.
             The game lasted 00:30:20 (8628 turns).

jlumianski the Cleaver (Demonspawn Fighter)         Turns: 8628, Time: 00:30:20

Health: -7/71      AC: 12    Str: 20    XL:     9   Next: 89%
Magic:  0/10       EV:  8    Int:  9    God:    Qazlal [**....]
Gold:   437        SH:  8    Dex: 22    Spells: 8/8 levels left

rFire   . . .      SeeInvis .   a - +1 war axe (venom)
rCold   . . .      Faith    .   c - +0 buckler
rNeg    . . .      Spirit   +   x - +0 chain mail
rPois   .          Reflect  .   B - +1 helmet
rElec   .          Harm     .   (no cloak)
rCorr   .          Rampage  .   (no gloves)
Will    +....                   (no boots)
Stlth   ..........              (no amulet)
HPRegen 0.21/turn               s - ring of willpower
MPRegen 0.24/turn               p - +6 ring of dexterity

@: about to teleport, on berserk cooldown, slowed, very slow
A: magic shield, magic regeneration, magic link, weakness stinger 1, agile 1
a: Renounce Religion, Upheaval


You were in a bailey.
You worshipped Qazlal.
Qazlal was pleased with you.
You visited 2 branches of the dungeon, and saw 9 of its levels.
You also visited: Bailey.

You collected 437 gold pieces.

Inventory:

Hand Weapons
 a - a +1 war axe of venom (weapon)
 h - a +0 broad axe
 y - a +1 short sword of electrocution
 J - the +4 long sword of Salt {freeze, rElec Int+2}
   (You found it on level 8 of the Dungeon)

   It freezes those it strikes, dealing additional cold damage.
   It can also slow down cold-blooded creatures.
   Int:       It affects your intelligence (+2).
   rElec:     It insulates you from electricity.
Missiles
 f - 35 stones (quivered)
 K - 16 poisoned darts
 O - 18 boomerangs
Armour
 b - a +0 scale mail
 c - a +0 buckler (worn)
 d - a +0 cloak
 x - a +0 chain mail (worn)
 B - a +1 helmet (worn)
Magical Staves
 D - a staff of cold
Jewellery
 p - a +6 ring of dexterity (right hand)
 s - a ring of willpower (left hand)
 v - a ring of ice
 w - a +6 ring of intelligence
 M - a ring of magical power
Wands
 z - a wand of roots (16)
 E - a wand of paralysis (22)
 F - a wand of mindburst (8)
 H - a wand of flame (12)
 L - a wand of polymorph (12)
Scrolls
 e - 3 scrolls of teleportation
 k - 2 scrolls of torment
 l - a scroll of amnesia
 q - 3 scrolls of immolation
 r - a scroll of enchant armour
 G - 2 scrolls of silence
 N - 2 scrolls of brand weapon
Potions
 g - 3 potions of haste
 i - 8 potions of curing
 j - a potion of lignification
 m - a potion of flight
 o - a potion of mutation
 t - a potion of heal wounds
 u - a potion of attraction {unknown}
 C - a potion of ambrosia {unknown}
 I - 2 potions of magic {unknown}
 P - a potion of might
 Q - a potion of cancellation {unknown}


   Skills:
 + Level 6.8 Fighting
 + Level 8.8 Axes
 + Level 0.3 Throwing
 + Level 6.6 Armour
 + Level 1.8 Dodging
 + Level 1.0 Stealth
 + Level 4.2 Shields
 * Level 2.4 Invocations
 * Level 2.2 Evocations


You had 8 spell levels left.
You didn't know any spells.
Your spell library contained the following spells:

 Spells                   Type           Power      Damage    Failure   Level
 Apportation              Tloc           0%         N/A       99%         1
 Necrotise                Necr           0%         1d4       99%         1
 Summon Small Mammal      Summ           0%         N/A       99%         1


Dungeon Overview and Level Annotations

Branches:
Dungeon (8/15)             Temple (1/1) D:6          Bailey (1/1)
   Lair: D:8-11

Altars:
Ashenzari
Cheibriados
Dithmenos
Fedhas
Gozag
Hepliaklqana
Kikubaaqudgha
Makhleb
Nemelex Xobeh
Okawaru
Qazlal
Ru
Sif Muna
Trog
Uskayaw
Vehumet
Wu Jian
Xom
Yredelemnul

Shops:
D:1 *


Innate Abilities, Weirdness & Mutations

When hurt, damage is shared between your health and your magic reserves.
You regenerate magic rapidly.
When low on magic, you restore magic in place of health.
You have a small tail.
You are agile. (Dex +4, Str/Int -1)


Message History

You slash the orc!
You kill the orc!
Qazlal accepts your kill.
The orc warlord hits you with a +5 broad axe!
* * * LOW HITPOINT WARNING * * *
You enter the shallow water.
Moving in this stuff is going to be slow.
You feel a strong urge to attack something.
There is an open translucent gate here.
You feel your anger nearly subside.
You are no longer berserk.
You are exhausted.
You feel yourself slow down.
You close the gate.
An orc warlord opens the gate.
There is an open door here.
The orc warlord looks more healthy.
The orc warlord hits you with a +5 broad axe!
* * * LOW HITPOINT WARNING * * *
As you read the scroll of fear, it crumbles to dust.
You assume a fearsome visage.
The orc warlord looks frightened!
Items here: )) [[ †.
There is an open door here.
Aiming: Upheaval
Press: ? - help, Dir - move target, f - orc warlord
Aim: an orc warlord, wielding a +5 broad axe and wearing a +0 chain mail (lightly wounded)
A blizzard blasts the area with ice!
The blast of ice hits the orc warlord!!
The orc warlord is lightly wounded.
The orc warlord is flash-frozen.
The orc warlord is no longer encased in ice.
A kobold comes into view.
The kobold shouts!
The kobold throws a boomerang.
The boomerang hits you.
The orc warlord is struck by lightning.
As you read the scroll of teleportation, it crumbles to dust.
You feel strangely unstable. You block the orc warlord's attack.
The kobold hits you but does no damage.
The orc warlord attacks as you move away!
The orc warlord hits you with a +5 broad axe!!
You die...

♣♣...≈≈≈.#≈.........≈#.≈≈≈...♣
♣∩...≈≈))#≈....∩....≈#.≈≈≈...∩
♣♣...≈≈≈o##.........##.≈≈≈...♣
♣...≈≈≈.#≈..8...8..≈#.≈≈≈...♣
♣♣..###'#≈.........≈#'###..♣♣
♣.##...#≈[!8...8?)≈#...##.♣
♣##....##≈≈#####≈≈##....##♣
##......####...####......##
#...........o@............#
#..8..8......○K.....8..8..#
#.........................#
##..........).÷..........##
##...8...##'''##...8...##
##.....##.÷)[.##.....##
##...##......÷##...##
#####.........#####
≈≈≈≈≈....∩....≈≈≈≈≈≈


You could see an orc warlord and a kobold.

Vanquished Creatures
  A gargoyle (D:7)
  A steam dragon (D:8)
  5 orc warriors
  3 ice beasts
  3 black bears
  An ogre (D:6)
  A centaur (D:8)
  5 phantoms
  A kobold brigand (D:8)
  5 bullfrogs
  2 necrophages
  5 scorpions
  3 howler monkeys
  3 gnoll boudas
  2 hounds
  2 orc priests (D:8)
  2 iguanas (D:5)
  3 orc wizards (D:8)
  3 hound zombies (D:4)
  A hound skeleton (D:4)
  A howler monkey zombie (D:4)
  20 gnolls
  4 adders
  5 white imps
  An ufetubus (D:5)
  3 adder zombies (D:4)
  2 worms (D:2)
  3 dart slugs
  17 orcs
  9 ball pythons
  4 bats
  2 endoplasms
  3 giant cockroaches
  11 goblins
  5 hobgoblins
  22 kobolds
  2 quokkas
  2 frilled lizards
  6 rats
174 creatures vanquished.

Vanquished Creatures (others)
  A hobgoblin (D:4)
  A quokka (D:4)
  A goblin (D:4)
  7 withered plants (D:4)
10 creatures vanquished.

Grand Total: 184 creatures vanquished

Notes
Turn   | Place    | Note
-------+----------+-------------------------------------------
     0 | D:1      | jlumianski the Demonspawn Fighter began the quest for the
                  | Orb.
     0 | D:1      | Reached XP level 1. HP: 18/18 MP: 1/1
   184 | D:1      | Gained mutation: You regenerate magic rapidly. [demonic
                  | ancestry]
   184 | D:1      | Reached XP level 2. HP: 17/24 MP: 2/2
   417 | D:1      | Reached skill level 2 in Axes
   762 | D:1      | Found Yddergh's General Store.
  1131 | D:2      | Found a faded altar of an unknown god.
  1133 | D:2      | Noticed a shining eye
  1133 | D:2      | Noticed a floating eye
  1144 | D:2      | Noticed an eye of devastation
  1144 | D:2      | Noticed a floating eye
  1218 | D:2      | Reached XP level 3. HP: 21/29 MP: 3/3
  1430 | D:2      | You fall into a shaft and drop 2 floors!
  1430 | D:4      | Found a broken altar of Ashenzari.
  1447 | D:4      | Noticed a black bear
  1632 | D:3      | Reached skill level 3 in Axes
  1632 | D:3      | Gained mutation: You have a small tail. [demonic ancestry]
  1632 | D:3      | Reached XP level 4. HP: 30/35 MP: 4/4
  1644 | D:4      | Noticed a phantom
  2435 | D:4      | Noticed a phantom
  2741 | D:3      | Killed a phantom
  2742 | D:3      | Reached XP level 5. HP: 20/41 MP: 5/5
  3334 | D:4      | Killed a phantom
  3335 | D:4      | Reached skill level 4 in Axes
  3335 | D:4      | Reached XP level 6. HP: 5/48 MP: 6/6
  3769 | D:4      | Reached skill level 1 in Dodging
  3778 | D:5      | Entered Level 5 of the Dungeon
  3969 | D:4      | Gained mutation: When hurt, damage is shared between your
                  | health and your magic reserves. [demonic ancestry]
  3969 | D:4      | Reached XP level 7. HP: 52/54 MP: 7/7
  4124 | D:4      | Reached skill level 5 in Axes
  5009 | D:5      | Found a snail-covered altar of Cheibriados.
  5561 | D:5      | Reached skill level 6 in Axes
  5799 | D:6      | Found a staircase to the Ecumenical Temple.
  5809 | D:6      | Gained mutation: When low on magic, you restore magic in
                  | place of health. [demonic ancestry]
  5809 | D:6      | Reached XP level 8. HP: 42/61 MP: 6/8
  5815 | Temple   | Entered the Ecumenical Temple
  5899 | Temple   | Became a worshipper of Qazlal Stormbringer
  5970 | D:6      | Reached skill level 5 in Armour
  6173 | D:6      | Reached skill level 5 in Fighting
  6355 | D:6      | Found an ornate altar of the Wu Jian Council.
  6361 | D:6      | Found a hide-covered altar of Uskayaw.
  6364 | D:6      | Found a basalt altar of Yredelemnul.
  6431 | D:6      | Found a shadowy altar of Dithmenos.
  6431 | D:6      | Found an iron altar of Okawaru.
  6552 | D:6      | Reached skill level 7 in Axes
  6974 | D:7      | Gained mutation: You are agile. (Dex +4, Str/Int -1)
                  | [potion of mutation]
  6994 | D:7      | Reached XP level 9. HP: 69/69 MP: 9/9
  7068 | D:7      | Reached * piety under Qazlal
  7187 | D:7      | Found an opulent altar of Gozag.
  7187 | D:7      | Found a hazy altar of Hepliaklqana.
  7188 | D:7      | Found a bloodstained altar of Trog.
  7188 | D:7      | Noticed a gargoyle
  7190 | D:7      | Found a transporter.
  7508 | D:7      | Found a transporter.
  7726 | D:7      | Killed a gargoyle
  7727 | D:7      | Reached skill level 8 in Axes
  8021 | D:8      | Reached skill level 1 in Evocations
  8033 | D:8      | Identified the +4 long sword of Salt {freeze, rElec Int+2}
  8211 | D:8      | Reached skill level 1 in Invocations
  8216 | D:8      | Reached skill level 1 in Stealth
  8241 | D:8      | Found a flagged portal.
  8249 | Bailey   | Entered a bailey
  8354 | Bailey   | Noticed an orc warlord
  8356 | Bailey   | Reached ** piety under Qazlal
  8491 | Bailey   | Found a runed translucent gate.
  8491 | Bailey   | Found a runed translucent gate.
  8501 | Bailey   | Found a runed translucent gate.
  8628 | Bailey   | Mangled by an orc warlord

Illustrated notes

Levels and vault maps discovered:
D:1:      minmay_arrival_cross, layout_basic, serial_shops, shop_fountains
D:2:      layout_basic, hellmonk_ecumenical_altar_watching_god
D:3:      layout_rooms, ebering_dispersal_statue_hall, minmay_misc_feat_columns
D:4:      layout_gridville, nicolae_overflow_crystal_walls, elyvilon_altar_4,
          cheibrodos_ashenzari_chains, serial_undead, serial_undead_b,
          serial_undead_b, serial_undead_c, serial_undead_f, serial_undead_f
D:5:      minmay_skewed_foursquare, layout_loops_ring,
          mainiacjoe_overflow_chevrons, roderic_serpentine_path,
          dreamdust_princess_corridor
D:6:      layout_rooms, grunt_temple_overflow_open, minmay_temple_entry_wispy
D:7:      layout_cave_pods, gammafunk_temple_overflow_arena,
          chequers_serial_rivers_micro_b
D:8:      layout_basic, enter_bailey_3, uniq_joseph
Temple:   hellmonk_temple_beads
Bailey:   bailey_axe_bossmonster_kennysheep, bailey

Skill      XL: |  1  2  3  4  5  6  7  8  9 |
---------------+----------------------------+-----
Axes           | 2 3 4 6 7 8 |  8.8
Armour         | 3 4 6 |  6.6
Shields        | 3 4 |  4.2
Fighting       | 4 5 6 |  6.8
Dodging        | 1 |  1.8
Evocations     | 2 |  2.2
Invocations    | 2 |  2.4
Stealth        | 1 |  1.0
Throwing       | |  0.3

Action                   |  1- 3 |  4- 6 |  7- 9 || total
-------------------------+-------+-------+-------++-------
Melee: War axe           |    81 |   120 |   311 ||   512
       Tailslap          |       |    11 |    47 ||    58
Throw: Stone             |       |     5 |     8 ||    13
Invok: Upheaval          |       |       |     1 ||     1
  Use: Scroll            |     1 |       |    18 ||    19
       Potion            |       |     1 |     4 ||     5
Armor: Scale mail        |    55 |    62 |       ||   117
       Chain mail        |       |    30 |   191 ||   221
Dodge: Dodged            |    40 |    73 |   126 ||   239
Block: Buckler           |    25 |    26 |   107 ||   158

Table legend: (Time is in decaauts)
 A = Elapsed time spent in this place.
 B = Non-inter-level travel time spent in this place.
 C = Inter-level travel time spent in this place.
 D = Time resting spent in this place.
 E = Time spent auto-exploring this place.
 F = Levels seen in this place.
 G = Mean time per level.
                   A        B        C        D        E       F      G
               +--------+--------+--------+--------+--------+-----+--------+
         Total |   8792 |   8664 |    128 |   1275 |   3926 |  10 |  879.2 |
       Dungeon |   8266 |   8138 |    128 |   1169 |   3926 |   8 | 1033.2 |
        Temple |    126 |    126 |      0 |      0 |      0 |   1 |  126.0 |
        Bailey |    398 |    398 |      0 |    106 |      0 |   1 |  398.0 |
               +--------+--------+--------+--------+--------+-----+--------+

Top non-repeatable levels by time:
     D:5: 1594 daAuts
     D:3: 1207 daAuts
     D:2: 1183 daAuts
     D:7: 1121 daAuts
     D:4: 1043 daAuts
     D:1: 1041 daAuts
     D:6: 764 daAuts
  Bailey: 398 daAuts
     D:8: 309 daAuts
  Temple: 126 daAuts
